[Event "Team 45 45 League T38"]
[Site "Internet Chess Club"]
[Date "2008.09.02"]
[Round "6"]
[White "fllinc"]
[Black "onslaught"]
[Result "0-1"]
[WhiteElo "2019"]
[BlackElo "2191"]
[Opening "Sicilian: Najdorf, Poisoned pawn variation"]
[ECO "B97"]
[Time "20:02:38"]
[TimeControl "2700+45"]

1. e4 c5 2. Nf3 d6 3. d4 cxd4 4. Nxd4 Nf6 5. Nc3 a6 6. Bg5 e6 7. f4 Qb6 8. Qd2
Qxb2 9. Rb1 Qa3 10. e5 h6 11. Bxf6 gxf6 12. exf6 Nd7 13. Rb3 Qa5 14. Bd3 Nxf6
15. O-O d5 16. Qe1 Bc5 17. Qe5 Qd8 18. Na4 Bd6 19. Qe3 Bc7 20. Nf5 b5 21. Nc5
Bb6 22. Kh1 Bxc5 23. Qxc5 exf5 24. Re1+ Ne4 25. Qc6+ Bd7 26. Qxd5 O-O 27. Bxe4
fxe4 28. Rg3+ Kh8 29. Qe5+ f6 30. Qh5 Qe7 31. Rg6 Rf7 32. Rxh6+ Rh7 33. Qg6 Rxh6
34. Qxh6+ Qh7 35. Qxf6+ Qg7 36. Qh4+ Kg8 37. Rxe4 Bc6 38. Re2 Qg6 39. h3 Rf8 40.
c3 Rf7 41. Qd8+ Kg7 42. Qd4+ Qf6 43. Rf2 Qxd4 44. cxd4 Rd7 45. Rd2 Kf6 46. Kg1
Kf5 47. g3 Ke4 48. Kf2 Rxd4 49. Re2+ Kd3 50. Re6 Rc4 51. Rd6+ Ke4 52. Re6+ Kd4
53. h4 Rc2+ 54. Ke1 a5 55. Kd1 Rc3 56. Rd6+ Ke3 57. Re6+ Be4 58. f5 b4 59. f6 b3
60. axb3 Rxb3 {White resigns} 0-1

[Event "Team 45 45 League T38"]
[Site "Internet Chess Club"]
[Date "2008.09.04"]
[Round "6"]
[White "searchforbobby1"]
[Black "MRX"]
[Result "1-0"]
[WhiteElo "2246"]
[BlackElo "1882"]
[Opening "Sicilian: Alapin's variation (2.c3)"]
[ECO "B22"]
[Time "21:01:51"]
[TimeControl "2700+45"]

1. e4 c5 2. c3 d5 3. exd5 Qxd5 4. d4 e6 5. Nf3 Nc6 6. Be2 Nf6 7. O-O cxd4 8.
cxd4 Be7 9. Nc3 Qd6 10. Nb5 Qd8 11. Bf4 Nd5 12. Bg3 a6 13. Nc3 O-O 14. Rc1 Nxc3
15. bxc3 b5 16. a4 b4 17. c4 Bf6 18. d5 exd5 19. cxd5 Ne7 20. Bc4 Nf5 21. Bf4
Nd6 22. Bb3 Bb7 23. Ne5 Bxe5 24. Bxe5 Qd7 25. Qd4 f6 26. Bf4 a5 27. Qb6 Ne8 28.
d6+ Kh8 29. Rfd1 Ra6 30. Qb5 Qxb5 31. axb5 Ra8 32. d7 Rd8 33. dxe8=Q Rxd1+ 34.
Rxd1 Rxe8 35. Bc7 Ra8 36. Bxa5 {Black resigns} 1-0

[Event "Team 45 45 League T38"]
[Site "Internet Chess Club"]
[Date "2008.08.31"]
[Round "6"]
[White "BenBoiss"]
[Black "Burning-Bush"]
[Result "1-0"]
[WhiteElo "1689"]
[BlackElo "2089"]
[Opening "QGD Slav/Grünfeld: Schlechter variation"]
[ECO "D15"]
[Time "22:43:21"]
[TimeControl "2700+45"]

1. d4 Nf6 2. c4 c6 3. Nf3 d5 4. Nc3 g6 5. Bf4 Bg7 6. e3 O-O 7. Be2 a6 8. O-O h6
9. cxd5 cxd5 10. Rc1 Nc6 11. Ne5 Bd7 12. Bf3 e6 13. a3 Rc8 14. Qd3 Na5 15. b4
Nc4 16. Ne2 Bb5 17. Nxc4 Bxc4 18. Qb1 b5 19. Rfe1 g5 20. Be5 Nd7 21. Bxg7 Kxg7
22. Ng3 f5 23. Nh5+ Kh8 24. g4 Qe8 25. Qb2 Qg6 26. Qc2 Qf7 27. Qd2 Qh7 28. Rc2
Rf7 29. Ng3 Rcf8 30. Qd1 f4 31. Nh5 Bb3 32. e4 Nb6 33. Qd3 Bxc2 34. Qxc2 Rc7 35.
Qe2 Qf7 36. exd5 exd5 37. Qe6 Qxe6 38. Rxe6 Nc4 39. Rxh6+ Rh7 40. Rxa6 Rd8 41.
Kg2 Nd2 42. Rg6 Ne4 43. Bxe4 dxe4 44. Rxg5 f3+ 45. Kg3 Rf7 46. Re5 Rxd4 47. g5
e3 48. g6 {Black resigns} 1-0

[Event "Team 45 45 League T38"]
[Site "Internet Chess Club"]
[Date "2008.09.04"]
[Round "6"]
[White "rubo"]
[Black "cgrau"]
[Result "1/2-1/2"]
[WhiteElo "1749"]
[BlackElo "1779"]
[Opening "Bird's opening"]
[ECO "A03"]
[Time "20:00:44"]
[TimeControl "2700+45"]

1. f4 d5 2. Nf3 Nf6 3. e3 Bg4 4. Be2 Nbd7 5. b3 c6 6. Bb2 Qc7 7. Ne5 Bxe2 8.
Qxe2 e6 9. O-O Bd6 10. d4 O-O 11. Nd2 Ne4 12. Rf3 c5 13. Nxd7 Qxd7 14. Nxe4 dxe4
15. Rg3 f6 16. Rd1 Qc7 17. Qc4 Rae8 18. dxc5 Qxc5 19. Qxe4 Re7 20. c4 e5 21. Rd5
{Game drawn by mutual agreement} 1/2-1/2

[Event "Team 45 45 League T38"]
[Site "Internet Chess Club"]
[Date "2008.08.30"]
[Round "6"]
[White "crag"]
[Black "Jozin"]
[Result "0-1"]
[WhiteElo "1578"]
[BlackElo "1657"]
[Opening "Petrov: Cozio (Lasker) attack"]
[ECO "C42"]
[Time "13:59:27"]
[TimeControl "2700+45"]

1. e4 e5 2. Nf3 Nf6 3. Nxe5 d6 4. Nf3 Nxe4 5. Qe2 Qe7 6. d3 Nf6 7. Qxe7+ Bxe7 8.
d4 O-O 9. Bc4 d5 10. Bb3 Bg4 11. Ne5 Be6 12. O-O Nbd7 13. Nc3 c6 14. Bd2 Bd6 15.
Rfe1 Rfe8 16. Nxd7 Nxd7 17. Rad1 Nf6 18. Bg5 Nh5 19. Na4 h6 20. Be3 Nf6 21. Nc5
Bc8 22. c3 Ng4 23. h3 Nxe3 24. Rxe3 Rxe3 25. fxe3 Bxc5 26. dxc5 Bf5 27. Kf2 Re8
28. Re1 Be4 29. Bd1 g6 30. Bf3 h5 31. Kg3 Kg7 32. Bxe4 Rxe4 33. Kf3 Rc4 34. e4
d4 35. cxd4 Rxd4 36. Re3 Kf6 37. e5+ Ke6 38. Re4 Kd5 39. Rxd4+ Kxd4 40. Kf4 Kd5
41. b4 b6 42. cxb6 axb6 43. g4 hxg4 44. hxg4 b5 45. a3 Kd4 46. g5 Kd5 {White
resigns} 0-1

[Event "Team 45 45 League T38"]
[Site "Internet Chess Club"]
[Date "2008.08.31"]
[Round "6"]
[White "GamePlayer"]
[Black "houseofcook"]
[Result "1-0"]
[WhiteElo "1583"]
[BlackElo "1363"]
[Opening "French: exchange variation"]
[ECO "C01"]
[Time "12:00:07"]
[TimeControl "2700+45"]

1. e4 e6 2. d4 d5 3. exd5 exd5 4. Nc3 c6 5. Bd3 Bd6 6. Nf3 Ne7 7. O-O O-O 8. Ng5
Bf5 9. Bxf5 Nxf5 10. Qh5 h6 11. Nh7 Kxh7 12. Qxf5+ Kg8 13. Qg4 Qd7 14. Qxd7 Nxd7
15. Bd2 Nf6 16. f3 a6 17. Kf2 Rfe8 18. Rfe1 c5 19. dxc5 Bxc5+ 20. Kf1 b5 21.
Rxe8+ Rxe8 22. Re1 Rxe1+ 23. Bxe1 g5 24. Ke2 Kf8 25. h4 d4 26. hxg5 hxg5 27. Ne4
Nxe4 28. fxe4 f6 29. Kd3 Kf7 30. Bf2 Ke6 31. Bxd4 Bd6 32. g4 Bc7 33. b3 Bd6 34.
c4 b4 35. c5 Bc7 36. Kc4 a5 37. Kb5 Ke7 38. c6 Ke6 39. Bb6 Kd6 40. Bxc7+ Kxc7
41. Kxa5 Kxc6 42. Kxb4 Kb6 43. Kc4 Kc6 44. a4 Kb6 45. b4 Kc6 46. b5+ Kb6 47. Kd5
Ka5 48. Ke6 Kxa4 49. b6 Ka5 50. b7 Ka6 51. b8=R {Black resigns} 1-0

[Event "Team 45 45 League T38"]
[Site "Internet Chess Club"]
[Date "2008.08.28"]
[Round "6"]
[White "t-hobbes"]
[Black "betto2506"]
[Result "0-1"]
[WhiteElo "1318"]
[BlackElo "1442"]
[Opening "Old Benoni defense"]
[ECO "A43"]
[Time "23:02:36"]
[TimeControl "2700+45"]

1. d4 c5 2. dxc5 e6 3. Nf3 Bxc5 4. Bf4 Nc6 5. e3 Nf6 6. Bd3 d5 7. Nc3 a6 8. O-O
h6 9. Na4 Be7 10. Ne5 Nxe5 11. Bxe5 b5 12. Nc3 Bb7 13. a4 b4 14. Ne2 a5 15. Bb5+
Kf8 16. c3 Bd6 17. Bd4 g6 18. cxb4 Bxb4 19. Nc3 Kg7 20. Qf3 Qe7 21. Na2 Bd6 22.
Rab1 Rhc8 23. Qh3 e5 24. Bc3 Ne4 25. Be1 Ng5 26. Qg4 h5 27. Qe2 Ne6 28. b4 axb4
29. Nxb4 Qg5 30. g3 Qf5 31. Nd3 Ng5 32. f3 e4 33. fxe4 Qxe4 34. Qb2+ Kh6 35. Nf4
Bxf4 36. exf4 Nh3# {White checkmated} 0-1

[Event "Team 45 45 League T38"]
[Site "Internet Chess Club"]
[Date "2008.08.30"]
[Round "6"]
[White "b-spot"]
[Black "chesskix"]
[Result "0-1"]
[WhiteElo "1664"]
[BlackElo "1600"]
[Opening "QGD Slav: 4.Nc3"]
[ECO "D15"]
[Time "12:00:04"]
[TimeControl "2700+45"]

1. d4 d5 2. c4 c6 3. Nf3 Nf6 4. Nc3 Nbd7 5. Bg5 g6 6. e3 Bg7 7. Qc2 O-O 8. b4
Re8 9. Qb3 e5 10. cxd5 cxd5 11. Nxd5 exd4 12. Nxd4 Re5 13. Nxf6+ Nxf6 14. Bc4
{White resigns} 0-1

[Event "Team 45 45 League T38"]
[Site "Internet Chess Club"]
[Date "2008.08.29"]
[Round "6"]
[White "werty"]
[Black "nahavrilla"]
[Result "0-1"]
[WhiteElo "1496"]
[BlackElo "1561"]
[Opening "Queen's pawn game, Darooha variation "]
[ECO "D02"]
[Time "12:02:03"]
[TimeControl "2700+45"]

1. d4 d5 2. Nf3 Nf6 3. b3 Bf5 4. e3 Nbd7 5. Bd3 Bxd3 6. Qxd3 e6 7. Nbd2 Be7 8.
O-O c6 9. c4 O-O 10. c5 b6 11. b4 a5 12. bxa5 bxc5 13. dxc5 Nxc5 14. Qc3 Qxa5
15. Qxa5 Rxa5 16. Nd4 Rc8 17. N2f3 Ncd7 18. Bd2 Raa8 19. Rfc1 c5 20. Nb5 c4 21.
Nc3 Nc5 22. a4 Nb3 {White resigns} 0-1

[Event "Team 45 45 League T38"]
[Site "Internet Chess Club"]
[Date "2008.08.30"]
[Round "6"]
[White "PostMike"]
[Black "rivits"]
[Result "0-1"]
[WhiteElo "1563"]
[BlackElo "1659"]
[Opening "Sicilian: Marshall variation"]
[ECO "B41"]
[Time "14:30:32"]
[TimeControl "2700+45"]

1. e4 c5 2. Nf3 e6 3. d4 d5 4. Nc3 Nc6 5. e5 a6 6. Be3 cxd4 7. Nxd4 Nxe5 8. b3
Bb4 9. Bd2 Nf6 10. Na4 Bxd2+ 11. Qxd2 O-O 12. f3 b5 13. Nb2 Bb7 14. Nd3 Qd6 15.
b4 Nxd3+ 16. Bxd3 h6 17. O-O Qb6 18. Qf2 Qd6 19. a3 Rac8 20. Nb3 Nd7 21. f4 Nf6
22. Nc5 Ba8 23. Qd4 Rfe8 24. Rae1 Nd7 25. Nb3 Nb6 26. Nc5 Nc4 27. Ra1 e5 28.
fxe5 Rxe5 29. Qf4 f6 30. Bxc4 dxc4 31. Rad1 Qc6 32. Rf2 Rce8 33. Kf1 Re3 34. Rf3
Rxf3+ 35. Qxf3 Qxf3+ 36. gxf3 Bxf3 37. Rd6 Re2 38. Rxa6 Rxc2 39. Rb6 Ra2 40.
Rxb5 Rxa3 41. Kf2 Ba8 42. Ne6 c3 43. Nd4 Ra2+ 44. Kg3 c2 45. Nxc2 Rxc2 46. Rb8+
Kh7 47. Rxa8 Rb2 48. Rb8 g5 49. h4 Kg6 50. hxg5 hxg5 51. b5 Kf5 52. b6 Rb3+ 53.
Kg2 g4 54. b7 Kf4 55. Kf2 f5 56. Kg2 Rb2+ 57. Kf1 Kf3 58. Ke1 f4 59. Kd1 g3 60.
Ke1 g2 {White resigns} 0-1

[Event "Team 45 45 League T38"]
[Site "Internet Chess Club"]
[Date "2008.09.01"]
[Round "6"]
[White "Grenadier"]
[Black "Zappy"]
[Result "1-0"]
[WhiteElo "1684"]
[BlackElo "1618"]
[Opening "Ruy Lopez: classical (Cordel) defense"]
[ECO "C64"]
[Time "08:59:44"]
[TimeControl "2700+45"]

1. e4 e5 2. Nf3 Nc6 3. Bb5 Bc5 4. O-O d6 5. c3 Bd7 6. d3 h6 7. a4 a6 8. Bc4 Nf6
9. Nbd2 O-O 10. Re1 Ng4 11. Rf1 Qe7 12. Nb3 Bxf2+ 13. Rxf2 Nxf2 14. Kxf2 Bg4 15.
Be3 Kh8 16. h3 Bxf3 17. Qxf3 Qd7 18. Kg1 f5 19. d4 f4 20. Bf2 Rf6 21. Rd1 Ne7
22. dxe5 {Black resigns} 1-0

[Event "Team 45 45 League T38"]
[Site "Internet Chess Club"]
[Date "2008.09.01"]
[Round "6"]
[White "imawesome"]
[Black "Mantra"]
[Result "1/2-1/2"]
[WhiteElo "1538"]
[BlackElo "1551"]
[Opening "French: exchange variation"]
[ECO "C01"]
[Time "08:00:07"]
[TimeControl "2700+45"]

1. e4 e6 2. d4 d5 3. exd5 exd5 4. Nf3 Bd6 5. c4 dxc4 6. Bxc4 Ne7 7. O-O Bg4 8.
h3 Bh5 9. Nc3 Nbc6 10. Be3 Qd7 11. Bb5 Qd8 12. d5 a6 13. dxc6 axb5 14. cxb7 Rb8
15. Nxb5 Rxb7 16. Nxd6+ Qxd6 17. Qxd6 cxd6 18. g4 Bg6 19. b3 O-O 20. Rfd1 Be4
21. Ng5 d5 22. f3 Bg6 23. Bc5 Re8 24. Bxe7 Rbxe7 25. Rxd5 h6 26. Ne4 Bxe4 27.
fxe4 Rxe4 28. Rd2 {Game drawn by mutual agreement} 1/2-1/2

[Event "Team 45 45 League T38"]
[Site "Internet Chess Club"]
[Date "2008.09.01"]
[Round "6"]
[White "allanchs"]
[Black "quaksterjohny"]
[Result "1/2-1/2"]
[WhiteElo "1550"]
[BlackElo "1424"]
[Opening "Caro-Kann: Steinitz variation"]
[ECO "B17"]
[Time "09:00:09"]
[TimeControl "2700+45"]

1. e4 c6 2. Nc3 d5 3. d4 dxe4 4. Nxe4 Nd7 5. Nf3 Ngf6 6. Nxf6+ Nxf6 7. Bd3 Bg4
8. c3 e6 9. Bg5 h6 10. Bh4 Be7 11. h3 Bxf3 12. Qxf3 O-O 13. O-O Qd5 14. Qxd5
Nxd5 15. Bg3 c5 16. dxc5 Bxc5 17. Rad1 Rfd8 18. Be4 Rac8 19. Bxd5 Rxd5 20. Rxd5
exd5 21. Rd1 Rd8 22. Kf1 Kf8 23. Be5 f6 24. Bd4 Bxd4 25. Rxd4 Ke7 26. Ke2 Ke6
27. c4 Rd6 28. cxd5+ Rxd5 29. Kd3 g5 30. Rxd5 Kxd5 31. g4 b5 32. b4 a6 33. a3
Ke5 34. Ke3 Kd5 35. Kd3 {Game drawn by mutual agreement} 1/2-1/2

[Event "Team 45 45 League T38"]
[Site "Internet Chess Club"]
[Date "2008.08.29"]
[Round "6"]
[White "Nikhil03"]
[Black "fredd"]
[Result "0-1"]
[WhiteElo "1404"]
[BlackElo "1517"]
[Opening "Ruy Lopez: four knights (Tarrasch) variation"]
[ECO "C48"]
[Time "20:00:14"]
[TimeControl "2700+45"]

1. e4 e5 2. Nf3 Nc6 3. Nc3 Nf6 4. Bb5 a6 5. Ba4 Bb4 6. a3 Bxc3 7. dxc3 Nxe4 8.
Bxc6 bxc6 9. Nxe5 Qf6 10. Nf3 O-O 11. O-O d5 12. Qd4 Qg6 13. h3 Bxh3 14. Nh4 Qh5
15. gxh3 Qxh4 16. Kh2 Rfe8 17. Rg1 Qxf2+ 18. Qxf2 Nxf2 19. Bh6 g6 20. Raf1 Ne4
21. Bf4 Nd6 22. Rd1 Re2+ 23. Rg2 Rae8 24. Rd2 R2e4 25. Bg3 Nc4 26. Rdf2 Nxb2 27.
Bxc7 Nd1 28. Rd2 Nxc3 29. Bd6 Ne2 30. Kh1 Nf4 31. Rh2 Re1# {White checkmated}
0-1

[Event "Team 45 45 League T38"]
[Site "Internet Chess Club"]
[Date "2008.08.30"]
[Round "6"]
[White "OGO"]
[Black "ChessChamp"]
[Result "0-1"]
[WhiteElo "1622"]
[BlackElo "1659"]
[Opening "Sicilian, Chekhover variation"]
[ECO "B53"]
[Time "11:09:36"]
[TimeControl "2700+45"]

1. e4 c5 2. Nf3 d6 3. d4 cxd4 4. Qxd4 Nc6 5. Bb5 Bd7 6. Bxc6 Bxc6 7. Nc3 Nf6 8.
O-O g6 9. Re1 Bg7 10. Bg5 O-O 11. Rad1 Nxe4 12. Qc4 Nxg5 13. Nxg5 Rc8 14. Qh4 h6
15. Nge4 d5 16. Re3 d4 17. Red3 dxc3 18. Rxd8 Rcxd8 19. Rd3 Rxd3 20. cxd3 cxb2
21. Nd2 Bc3 22. Nb1 Bg7 23. Qg4 Bd5 24. Qa4 Rc8 25. Kf1 Rc1+ 26. Ke2 Rxb1 {White
resigns} 0-1

[Event "Team 45 45 League T38"]
[Site "Internet Chess Club"]
[Date "2008.08.31"]
[Round "6"]
[White "gtm"]
[Black "noblitz-oblige"]
[Result "1-0"]
[WhiteElo "1757"]
[BlackElo "1549"]
[Opening "Vienna gambit"]
[ECO "C29"]
[Time "20:13:55"]
[TimeControl "2700+45"]

1. e4 e5 2. Nc3 Nf6 3. f4 d6 4. Nf3 Bg4 5. Bc4 Be7 6. fxe5 dxe5 7. Bxf7+ Kf8 8.
Bb3 Nc6 9. O-O Nd4 10. Kh1 g6 11. Nxd4 exd4 12. Qxg4 dxc3 13. bxc3 Kg7 14. Qh3
c6 15. d3 h6 16. Bb2 a5 17. Be6 Rf8 18. c4 Qc7 19. Rf3 b5 20. Raf1 bxc4 21. Bxc4
Rab8 22. Ba1 Kh7 23. a4 Qd8 24. Bb3 g5 25. Qf5+ Kg7 26. Qe6 c5 27. e5 Nh7 28.
Rf7+ Kh8 29. Rxh7+ Kxh7 30. Rf7+ Kh8 31. Qxh6+ {Black resigns} 1-0

[Event "Team 45 45 League T38"]
[Site "Internet Chess Club"]
[Date "2008.09.01"]
[Round "6"]
[White "Jester"]
[Black "celebrat"]
[Result "0-1"]
[WhiteElo "1462"]
[BlackElo "1658"]
[Opening "French: Burn variation"]
[ECO "C11"]
[Time "22:00:14"]
[TimeControl "2700+45"]

1. e4 e6 2. d4 d5 3. Nc3 Nf6 4. Bg5 dxe4 5. Nxe4 Be7 6. Bd3 O-O 7. Nf3 Nc6 8. c3
h6 9. Bxf6 Bxf6 10. O-O Be7 11. Re1 b6 12. Qc2 Bb7 13. Rad1 Qd5 14. a3 Rae8 15.
Ng3 Bd8 16. Qa4 a5 17. Bb5 f5 18. Ne5 Nxe5 19. Bxe8 Qxg2# {White checkmated} 0-1

[Event "Team 45 45 League T38"]
[Site "Internet Chess Club"]
[Date "2008.08.28"]
[Round "6"]
[White "RealChosenOne"]
[Black "Duguesclin"]
[Result "1-0"]
[WhiteElo "1736"]
[BlackElo "1640"]
[Opening "French: advance, Paulsen attack"]
[ECO "C02"]
[Time "15:00:12"]
[TimeControl "2700+45"]

1. e4 e6 2. d4 d5 3. e5 c5 4. c3 Nc6 5. Nf3 Qb6 6. a3 c4 7. Nbd2 Na5 8. h4 Bd7
9. h5 h6 10. g3 Ne7 11. Bh3 Nec6 12. O-O Be7 13. Nh4 O-O-O 14. f4 g5 15. hxg6
Bxh4 16. gxh4 fxg6 17. Kh2 Ne7 18. Rb1 Nb3 19. Nxb3 cxb3 20. Be3 Nf5 21. Bxf5
gxf5 22. Rc1 Bb5 23. Rg1 Bc4 24. Qh5 Rde8 25. Rg6 Qd8 26. Rxh6 Be2 27. Qg5 Rxh6
28. Qxh6 Kd7 29. Qg5 b5 30. Qxd8+ Rxd8 31. Rg1 Bg4 32. Kg3 a5 33. Rc1 Rg8 34.
Kf2 Kc6 35. Bd2 Kb6 36. Rh1 Rh8 37. Ke3 Bh5 38. Rg1 Bg4 39. Be1 Rc8 40. Rg2 b4
41. cxb4 axb4 42. Bxb4 Rc1 43. Rh2 Bh5 44. Bc3 Rg1 45. Kf2 Rg4 46. Bd2 Kb5 47.
Rh3 Kc4 48. Rc3+ Kxd4 49. Be3+ Ke4 50. Rxb3 d4 51. Rb4 Kd3 52. Rxd4+ Kc2 53. b4
Rxh4 54. a4 Kc3 55. b5 Rh2+ 56. Kg3 Re2 57. Bf2 Be8 58. Rd6 Kb4 59. Rxe6 Bh5 60.
b6 Kxa4 61. b7 Rb2 62. Rb6 {Black resigns} 1-0

[Event "Team 45 45 League T38"]
[Site "Internet Chess Club"]
[Date "2008.08.30"]
[Round "6"]
[White "AngryPirate"]
[Black "Lionskins"]
[Result "0-1"]
[WhiteElo "1523"]
[BlackElo "1654"]
[Opening "Sicilian defense"]
[ECO "B30"]
[Time "13:04:16"]
[TimeControl "2700+45"]

1. e4 c5 2. Nf3 Nc6 3. g3 h6 4. Bg2 Qc7 5. b3 Nf6 6. d3 e6 7. Nc3 a6 8. O-O g5
9. h3 Bd6 10. Re1 Nh5 11. Nd5 Qd8 12. Bb2 Rg8 13. Nf6+ {White resigns} 0-1

[Event "Team 45 45 League T38"]
[Site "Internet Chess Club"]
[Date "2008.08.31"]
[Round "6"]
[White "Endgamer"]
[Black "Rhel"]
[Result "0-1"]
[WhiteElo "1589"]
[BlackElo "1489"]
[Opening "Sicilian: Hungarian variation"]
[ECO "B27"]
[Time "15:02:16"]
[TimeControl "2700+45"]

1. e4 c5 2. Nf3 g6 3. c3 Bg7 4. d4 cxd4 5. cxd4 d5 6. e5 Bg4 7. Nbd2 Nc6 8. Bb5
Qb6 9. Qa4 Bd7 10. O-O Nxe5 11. Bxd7+ Nxd7 12. Nb3 Nf6 13. Ne5 Qa6 14. Qxa6 bxa6
15. Be3 O-O 16. Nxd7 Nxd7 17. Rac1 Rac8 18. Nc5 Nxc5 19. Rxc5 Rxc5 20. dxc5 Bxb2
21. c6 Rc8 22. Bxa7 Rxc6 23. Rb1 Rc1+ 24. Rxc1 Bxc1 25. Bd4 f6 26. f4 Bxf4 27.
Kf1 e5 28. Bg1 Kf7 29. Ke2 Ke6 30. g3 Bc1 31. Bc5 d4 32. h3 Kd5 33. Bf8 e4 34.
Bg7 f5 35. Kd1 Be3 36. Ke2 Bc1 37. Kd1 Bb2 38. Kc2 Bc3 39. Kd1 Kc4 40. Bh6 Kd3
41. Bc1 e3 {White resigns} 0-1

[Event "Team 45 45 League T38"]
[Site "Internet Chess Club"]
[Date "2008.08.31"]
[Round "6"]
[White "nozmov"]
[Black "Kasparklunk"]
[Result "1/2-1/2"]
[WhiteElo "1440"]
[BlackElo "1368"]
[Opening "Queen's pawn game"]
[ECO "D02"]
[Time "20:00:03"]
[TimeControl "2700+45"]

1. d4 d5 2. Nf3 Bg4 3. Ne5 Bf5 4. g4 Bg6 5. Nxg6 hxg6 6. Bg2 e6 7. Qd3 Qd6 8. h3
Nc6 9. c3 a6 10. e4 O-O-O 11. e5 Qd7 12. Nd2 Be7 13. Nf3 Rf8 14. Bf4 Bd8 15. Kd2
Na7 16. c4 c6 17. cxd5 Qxd5 18. Ne1 Qa5+ 19. Ke3 Ne7 20. Nc2 Nd5+ 21. Bxd5 exd5
22. Na3 Be7 23. Rac1 Bxa3 24. bxa3 Qb5 25. Qc2 Qa5 26. Qb3 Qb5 27. a4 Qxb3+ 28.
axb3 Rh7 29. Bg3 Rfh8 30. h4 Re8 31. f4 Kd7 32. Rh2 Nc8 33. Kd3 Ne7 34. a5 Ke6
35. Kc3 Kd7 36. Kb4 Nc8 37. Be1 Ke6 38. Ka4 Kd7 39. Bb4 Reh8 40. Rch1 Ke6 41.
Be1 Ne7 42. Kb4 Nc8 43. Rf1 f5 44. g5 Kd7 45. Bg3 Ke6 46. Ka4 Kd7 47. Kb4 Ke6
48. Kc5 Kd7 49. Re1 Ke6 50. b4 Rd8 {Game drawn by mutual agreement} 1/2-1/2

[Event "Team 45 45 League T38"]
[Site "Internet Chess Club"]
[Date "2008.09.01"]
[Round "6"]
[White "Chessduke"]
[Black "andreip"]
[Result "0-1"]
[WhiteElo "2082"]
[BlackElo "2133"]
[Opening "Sicilian defense"]
[ECO "B30"]
[Time "14:25:53"]
[TimeControl "2700+45"]

1. e4 c5 2. Nf3 Nc6 3. d3 g6 4. g3 Bg7 5. Bg2 d6 6. O-O e6 7. c3 Nge7 8. Be3 O-O
9. Qc2 b6 10. Nbd2 Bb7 11. Rad1 Rc8 12. Qb1 d5 13. Nb3 Ba6 14. Rfe1 c4 15. dxc4
Bxc4 16. Nbd4 Qc7 17. b3 Ba6 18. Bh3 dxe4 19. Qxe4 Nxd4 20. Bxd4 Bb7 21. Qe2
Bxd4 22. Nxd4 Qxc3 23. Nxe6 Qc6 24. f3 fxe6 25. Bxe6+ Kg7 26. Rd7 Rce8 27. Qe5+
Rf6 28. Bg4 h5 29. Rxe7+ Rxe7 30. Qxe7+ Rf7 31. Qe5+ Kh7 32. Qe6 Qc5+ 33. Kg2
Bd5 34. Re5 Qc2+ 35. Re2 Bxe6 36. Rxc2 hxg4 37. f4 Bd5+ 38. Kf2 a5 39. Ke3 Kg7
40. Kd4 Bf3 41. Ke3 Re7+ 42. Kf2 Be4 43. Rd2 Kf6 44. Rd6+ Re6 45. Rd8 Rc6 46.
Ke3 Bb1 47. Rd2 Rc3+ {White resigns} 0-1

[Event "Team 45 45 League T38"]
[Site "Internet Chess Club"]
[Date "2008.09.02"]
[Round "6"]
[White "alin"]
[Black "wonderboy"]
[Result "1-0"]
[WhiteElo "2086"]
[BlackElo "1921"]
[Opening "Ruy Lopez: old Steinitz defense"]
[ECO "C62"]
[Time "01:59:18"]
[TimeControl "2700+45"]

1. e4 e5 2. Nf3 Nc6 3. Bb5 d6 4. O-O Bd7 5. c3 Nge7 6. d4 Ng6 7. d5 Nb8 8. Bxd7+
Nxd7 9. c4 Be7 10. Nc3 h6 11. Be3 Bg5 12. Nxg5 hxg5 13. g3 Nf4 14. f3 Nh3+ 15.
Kg2 Qf6 16. Nb5 Kd8 17. b4 Qh6 18. Rh1 a6 19. Nc3 Nf6 20. c5 Qg6 21. g4 Nf4+ 22.
Bxf4 gxf4 23. h4 Nh5 24. Ne2 Nf6 25. Kf2 Nd7 26. Rc1 Qf6 27. h5 a5 28. c6 bxc6
29. dxc6 Nb6 30. b5 Qe6 31. Nc3 Ke7 32. Nd5+ Nxd5 33. exd5 Qc8 34. Qd3 Qb8 35.
a4 Qb6+ 36. Kg2 Qb8 37. Qf5 Qc8 38. Qg5+ Kf8 39. h6 g6 40. Qf6 Rh7 41. b6 Qa6
42. Rc2 Qxb6 43. g5 Qb3 44. Rhc1 Rb8 45. Rd2 Qxa4 46. Rb1 Rc8 47. Rb7 e4 48.
Rxc7 exf3+ 49. Kh3 Re8 50. Qxd6+ Kg8 51. Re7 Rf8 52. Qe5 Qc4 53. Rf2 Qc1 54. Re8
Qh1+ 55. Rh2 Qf1+ 56. Kh4 f6 57. Qe6+ Rf7 58. Rxf8+ Kxf8 59. Qc8+ Ke7 60. Qd7+
Kf8 61. Qd8# {Black checkmated} 1-0

[Event "Team 45 45 League T38"]
[Site "Internet Chess Club"]
[Date "2008.08.30"]
[Round "6"]
[White "jonesey"]
[Black "Terte"]
[Result "1/2-1/2"]
[WhiteElo "1958"]
[BlackElo "2015"]
[Opening "Sicilian: accelerated fianchetto, Maróczy bind"]
[ECO "B36"]
[Time "07:08:29"]
[TimeControl "2700+45"]

1. e4 c5 2. Nf3 Nc6 3. d4 cxd4 4. Nxd4 g6 5. c4 d6 6. Nc3 Nf6 7. Be2 Nxd4 8.
Qxd4 Bg7 9. O-O O-O 10. Qd2 a5 11. f3 a4 12. Qc2 Qb6+ 13. Kh1 Bd7 14. Bg5 Bc6
15. Rab1 Rfc8 16. Qd2 Qa5 17. Rfc1 Rc7 18. Nd5 Bxd5 19. cxd5 Qxd2 20. Bxd2 Rxc1+
21. Rxc1 Nd7 22. Rc2 Bd4 23. g3 Nc5 24. Kg2 Rf8 25. Bb5 f5 26. Rc4 Bxb2 27. Bxa4
fxe4 28. fxe4 Ba3 29. Bg5 Rb8 30. Bb5 {Game drawn by mutual agreement} 1/2-1/2

[Event "Team 45 45 League T38"]
[Site "Internet Chess Club"]
[Date "2008.08.31"]
[Round "6"]
[White "viking99"]
[Black "chessateer"]
[Result "0-1"]
[WhiteElo "1799"]
[BlackElo "1839"]
[Opening "Ruy Lopez: closed, Pilnik variation"]
[ECO "C90"]
[Time "11:05:48"]
[TimeControl "2700+45"]

1. e4 e5 2. Nf3 Nc6 3. Bb5 a6 4. Ba4 Nf6 5. O-O b5 6. Bb3 Be7 7. Re1 d6 8. c3
O-O 9. d3 Na5 10. Bc2 c5 11. Nbd2 Bb7 12. Nf1 Nd7 13. Ne3 g6 14. b4 cxb4 15.
cxb4 Nc6 16. a3 Bf6 17. Nd5 Bg7 18. Bb2 Ne7 19. Nxe7+ Qxe7 20. Rc1 Rac8 21. Bb3
Bh6 22. Rc3 Rxc3 23. Bxc3 Rc8 24. Bd2 Bxd2 25. Qxd2 Kg7 26. Qa2 Rc3 27. d4 exd4
28. Nxd4 Qxe4 29. Nf3 Qg4 30. Qb2 Bxf3 31. Qxc3+ Ne5 {White resigns} 0-1

[Event "Team 45 45 League T38"]
[Site "Internet Chess Club"]
[Date "2008.08.29"]
[Round "6"]
[White "BadHabitMarco"]
[Black "ET3000"]
[Result "1-0"]
[WhiteElo "2019"]
[BlackElo "1977"]
[Opening "Ruy Lopez: Anderssen variation"]
[ECO "C77"]
[Time "12:45:17"]
[TimeControl "2700+45"]

1. e4 e5 2. Nf3 Nc6 3. Bb5 a6 4. Ba4 Nf6 5. d3 d6 6. c3 b5 7. Bc2 Be7 8. Nbd2
O-O 9. Nf1 Bb7 10. Ng3 d5 11. O-O Re8 12. Nf5 Bd6 13. Bg5 dxe4 14. dxe4 h6 15.
Bxh6 gxh6 16. Nxh6+ Kf8 17. Ng5 Ng8 18. Nhxf7 Qe7 19. Qh5 Nd8 20. Qg6 Qd7 21.
Nh8 Ne6 22. Bb3 Bc8 23. Bxe6 Rxe6 24. Nh7+ Ke7 25. Qxg8 Qe8 26. Qg7+ Kd8 27.
Nf7+ Kd7 28. Nf6+ Rxf6 29. Qxf6 Kc6 30. Rad1 Be6 31. Nxe5+ Kb7 32. f4 Bxa2 33.
Rxd6 cxd6 34. Qxd6 Rd8 35. Qg6 Qf8 36. Qc6+ Ka7 37. Qc7+ Ka8 38. Qc6+ Ka7 39.
Ra1 Rd6 40. Qc7+ Ka8 41. Nc6 {Black resigns} 1-0